[Event "Team 45 45 League T64"]
[Site "Internet Chess Club"]
[Date "2015.03.16"]
[Round "2"]
[White "JasonModer"]
[Black "chess09"]
[Result "1-0"]
[WhiteElo "1832"]
[BlackElo "1864"]
[Opening "QGD Slav defense"]
[ECO "D10"]
[Time "16:30:13"]
[TimeControl "2700+45"]

1. d4 d5 2. c4 c6 3. e3 Nf6 4. Nc3 g6 5. Nf3 Bg7 6. cxd5 cxd5 7. Be2 O-O 8. O-O
Nc6 9. b3 b6 10. Ba3 Bb7 11. Rc1 Rc8 12. Ne5 a6 13. Nxc6 Rxc6 14. Na4 Rxc1 15.
Qxc1 Nd7 16. Qc2 Bf6 17. Rc1 Qb8 18. Qc7 Qc8 19. Bg4 Rd8 20. Nxb6 Qxc7 21. Rxc7
Nxb6 22. Rxb7 Nc8 23. Rd7 Rxd7 24. Bxd7 Nd6 25. Bc6 Nb5 26. Bb4 e6 27. Bb7 Nc7
28. Ba5 Nb5 29. Bxa6 Nd6 30. Bc7 Ne4 31. b4 Kf8 32. b5 Ke7 33. b6 Kd7 34. Bb5+
Kc8 35. a4 Bd8 36. Bxd8 Kxd8 37. a5 Kc8 38. a6 Nd6 39. a7 Kb7 40. Bc6+ {Black
resigns} 1-0

[Event "Team 45 45 League T64"]
[Site "Internet Chess Club"]
[Date "2015.03.12"]
[Round "2"]
[White "LazyPeon"]
[Black "ausya"]
[Result "0-1"]
[WhiteElo "1863"]
[BlackElo "1735"]
[Opening "Benkö gambit accepted"]
[ECO "A58"]
[Time "18:00:31"]
[TimeControl "2700+45"]

1. d4 Nf6 2. c4 c5 3. d5 b5 4. cxb5 a6 5. bxa6 g6 6. Nc3 Bxa6 7. g3 d6 8. Bg2
Nbd7 9. Nf3 Bg7 10. Rb1 Nb6 11. b3 O-O 12. O-O Ne8 13. Bb2 Nc7 14. Qd2 Bb7 15.
e4 f5 16. exf5 Rxf5 17. Rfe1 Ncxd5 18. Nh4 Bxc3 19. Bxc3 Rf7 20. Ba1 Qd7 21. Qh6
e5 22. Nf3 Rxa2 23. Rb2 Rxb2 24. Bxb2 Qf5 25. Rf1 Ba6 26. Ng5 Bxf1 27. Nxf7 Bxg2
28. Ng5 Nf6 29. Kxg2 Qxf2+ 30. Kxf2 Ng4+ 31. Ke2 Nxh6 32. Ne4 Nf7 33. h4 Nd7 34.
Ba3 Kf8 35. b4 cxb4 36. Bxb4 Ke7 37. Kd3 Ke6 38. g4 d5 39. Nc3 Nb8 40. Nb5 e4+
41. Ke3 Nc6 42. Nc7+ Ke5 43. Bc5 Nh6 44. g5 Nf5+ 45. Ke2 d4 46. Nb5 d3+ 47. Kd2
Ncd4 48. Nxd4 Nxd4 49. Ke3 Nb3 50. Bb4 d2 {White resigns} 0-1

[Event "Team 45 45 League T64"]
[Site "Internet Chess Club"]
[Date "2015.03.17"]
[Round "2"]
[White "EFXBT"]
[Black "OperaDude94"]
[Result "0-1"]
[WhiteElo "1512"]
[BlackElo "1796"]
[Opening "Budapest: Adler variation"]
[ECO "A52"]
[Time "17:03:47"]
[TimeControl "2700+45"]

1. d4 Nf6 2. c4 e5 3. dxe5 Ng4 4. Nf3 Bc5 5. e3 Nc6 6. Be2 Ngxe5 7. Nxe5 Nxe5 8.
O-O O-O 9. Nd2 d6 10. Nf3 Be6 11. b3 f5 12. Bb2 Nxf3+ 13. Bxf3 c6 14. Re1 Qg5
15. Qc2 Rae8 16. Re2 f4 17. exf4 Qxf4 18. Rae1 Bd7 19. Qc3 Qg5 20. Be4 Rxe4 21.
Rxe4 Rxf2 22. Qxg7+ Qxg7 23. Bxg7 Kxg7 24. Re7+ Rf7+ 25. Kh1 Bf5 26. Rxf7+ Kxf7
27. Rf1 Ke6 28. Re1+ Kd7 29. Rf1 Bg6 30. h3 d5 31. Rd1 d4 32. b4 Bxb4 33. Rxd4+
Ke6 34. Rd1 Bc2 35. Rc1 Bd3 36. Rd1 Bxc4 37. Rd4 b5 38. Rh4 c5 39. Rxh7 a5 40.
g4 Bxa2 41. h4 c4 42. h5 c3 43. h6 c2 44. Rc7 Bc4 45. h7 c1=Q+ 46. Kg2 Bd5+ 47.
Kf2 Qf4+ 48. Ke2 Qxg4+ 49. Ke3 Qe4+ 50. Kf2 Qf3+ 51. Kg1 Qg2# {White checkmated}
0-1